[Event "Titled Tuesday Blitz April 4 Late 2023"]
[White "Vakhlamov, Igor L."]
[Black "Romanchuk, Viktor"]
[WhiteFideId "24126748"]
[BlackFideId "14109271"]
[WhiteElo "2400"]
[BlackElo "2242"]
[Result "1/2-1/2"]
[Round "02"]
[TimeControl "180+2"]
[Date "2023.04.04"]
[WhiteClock "0:00:27"]
[BlackClock "0:00:18"]

1. e4 e6 2. d4 d5 3. Nc3 dxe4 4. Nxe4 Nd7 5. Nf3 Ngf6 6. Nxf6+ Nxf6 7. g3 b6 8. Bb5+ Bd7 9. a4 a6 10. Be2 Bc6 11. O-O Be7 12. Re1 O-O 13. Ne5 Bb7 14. c3 c5 15. Be3 Qc7 16. Bf3 Rad8 17. Bxb7 Qxb7 18. Qe2 Nd5 19. Rad1 Nxe3 20. fxe3 b5 21. axb5 axb5 22. Qg2 Qxg2+ 23. Kxg2 Bd6 24. Nf3 Ra8 25. Ra1 f6 26. Nd2 Be7 27. Kf2 Kf7 28. Ke2 Rfc8 29. Kd3 h5 30. Ne4 c4+ 31. Ke2 f5 32. Nd2 g5 33. e4 g4 34. Rf1 Kg6 35. Rfd1 Bg5 36. exf5+ exf5 37. Nf1 f4 38. gxf4 Bxf4 39. Kf2 Kf5 40. Ng3+ Bxg3+ 41. Kxg3 Kg5 42. Re1 h4+ 43. Kg2 Rxa1 44. Rxa1 Kf4 45. Ra5 Rb8 46. Ra7 b4 47. Rf7+ Ke4 48. Rg7 Kf4 49. Rf7+ Ke4 50. Rg7 Kf4 51. Rf7+ 1/2-1/2


[Site "https://www.chess.com"]

[Event "Titled Tuesday Blitz April 4 Late 2023"]
[White "Rustemov, Alexander"]
[Black "Rastbod, Ali"]
[WhiteFideId "4119002"]
[BlackFideId "12567477"]
[WhiteElo "2855"]
[BlackElo "2248"]
[Result "1-0"]
[Round "02"]
[TimeControl "180+2"]
[Date "2023.04.04"]
[WhiteClock "0:00:29"]
[BlackClock "0:00:03"]

1. d4 Nf6 2. c4 e6 3. Nf3 Bb4+ 4. Bd2 Bxd2+ 5. Qxd2 d5 6. e3 O-O 7. Nc3 Qe7 8. Rc1 Rd8 9. cxd5 exd5 10. Bd3 c6 11. O-O Nbd7 12. Qc2 Nf8 13. h3 Re8 14. Ne5 N6d7 15. Nf3 Nf6 16. Rce1 Ne4 17. Ne5 Nd6 18. Na4 f6 19. Nf3 Ne4 20. Nc5 b6 21. Na4 Bb7 22. Rc1 Rac8 23. a3 g5 24. b4 h5 25. Nc3 g4 26. hxg4 hxg4 27. Nh4 Qh7 28. g3 c5 29. dxc5 bxc5 30. Nxe4 dxe4 31. Bc4+ Kh8 32. b5 Ng6 33. Nxg6+ Qxg6 34. Kg2 Kg7 35. Rh1 Rh8 36. Qa4 Qf5 37. Be2 Rxh1 38. Rxh1 Rc7 39. Qxa7 Rd7 40. Qb8 Qf3+ 41. Bxf3 exf3+ 42. Kg1 Be4 43. Qh8+ 1-0


[Site "https://www.chess.com"]

[Event "Titled Tuesday Blitz April 4 Late 2023"]
[White "Di Berardino, Diego Rafael"]
[Black "Baskakov, Egor"]
[WhiteFideId "2105446"]
[BlackFideId "24197866"]
[WhiteElo "2432"]
[BlackElo "2212"]
[Result "1-0"]
[Round "02"]
[TimeControl "180+2"]
[Date "2023.04.04"]
[WhiteClock "0:00:12"]
[BlackClock "0:01:26"]

1. e4 c5 2. Nc3 Nc6 3. Nf3 e5 4. Bc4 d6 5. d3 h6 6. Nd2 g6 7. Nf1 Bg7 8. Ne3 Nge7 9. Ned5 O-O 10. O-O Kh7 11. f4 f5 12. a3 Nxd5 13. Nxd5 exf4 14. exf5 g5 15. g4 fxg3 16. f6 Bxf6 17. Nxf6+ Rxf6 18. Bd2 gxh2+ 19. Kxh2 Ne5 20. Bd5 Kg7 21. Qe2 Bg4 22. Qg2 Qe7 23. Rxf6 Qxf6 24. Rf1 Qe7 25. Bc3 Bd7 26. Rf7+ Qxf7 27. Bxf7 Kxf7 28. Bxe5 dxe5 29. Qxb7 Rd8 30. Qd5+ Ke7 31. Qxe5+ Be6 32. Qxc5+ Kf6 33. Qxa7 h5 34. Qf2+ Kg6 35. Qb6 Re8 36. a4 Kf5 37. a5 h4 38. Qb5+ Kf4 39. Qxe8 Bf5 40. Qb8+ Kf3 41. Qf8 Kf4 42. a6 g4 43. a7 g3+ 44. Kg1 Kg4 45. a8=Q h3 46. Qg8+ Kf4 47. Qab8+ Ke3 48. Qgxg3+ Kd2 49. Qbf4+ 1-0


[Site "https://www.chess.com"]

[Event "Titled Tuesday Blitz April 4 Late 2023"]
[White "Perez Ponsa, Federico"]
[Black "Klenburg, Michael"]
[WhiteFideId "117927"]
[BlackFideId "14102072"]
[WhiteElo "2590"]
[BlackElo "2396"]
[Result "1/2-1/2"]
[Round "02"]
[TimeControl "180+2"]
[Date "2023.04.04"]
[WhiteClock "0:00:07"]
[BlackClock "0:00:03"]

1. e4 d6 2. d4 Nf6 3. Nc3 e5 4. Nf3 Nbd7 5. Rg1 Be7 6. g4 g6 7. Be3 c6 8. g5 Nh5 9. a4 Qc7 10. Be2 b6 11. d5 c5 12. Bb5 a6 13. Bc6 Bb7 14. Nd2 Bxc6 15. dxc6 Qxc6 16. Nd5 Bd8 17. Nc4 O-O 18. Qd2 b5 19. axb5 axb5 20. Rxa8 Qxa8 21. Nxd6 Qa1+ 22. Qc1 Qa5+ 23. Qd2 Qa1+ 24. Qc1 Qa6 25. Nf5 gxf5 26. exf5 Kh8 27. Qd1 Ng7 28. f6 Nf5 29. Rg4 Qe6 30. Re4 Rg8 31. b3 Nxf6 32. Nxf6 Bxf6 33. Qh5 Be7 34. Bd2 Qg6 35. Qxg6 hxg6 36. Rxe5 b4 37. Re4 Ra8 38. c3 bxc3 39. Bxc3+ Kg8 40. h4 Rb8 41. Kd1 Rxb3 42. Kc2 Rb7 43. Re5 Rd7 44. h5 Nd4+ 45. Bxd4 cxd4 46. hxg6 fxg6 47. Kd3 Kf7 48. f4 Bf8 49. f5 gxf5 50. Rxf5+ Kg8 51. g6 Bg7 52. Rb5 Kf8 53. Rf5+ Ke8 54. Rf4 Rd6 55. Re4+ Kf8 56. Rg4 Ke7 57. Rg1 Rf6 58. Ke4 Re6+ 59. Kd5 Re3 60. Ra1 Kf6 61. Kxd4 Rg3 62. Ra6+ Kf5+ 63. Kd5 Bf6 64. g7 Rxg7 65. Ra2 Rd7+ 66. Kc6 Rd1 67. Rf2+ Ke6 68. Re2+ Be5 69. Kc5 Rc1+ 70. Kb4 Kd5 71. Rg2 Rb1+ 72. Ka3 Rb8 73. Rg5 Kd6 74. Ka4 Bd4 75. Rb5 Ra8+ 76. Kb3 Ra1 77. Kc4 Be5 78. Rd5+ Ke6 79. Rd2 Rc1+ 80. Kd3 Kf5 81. Rf2+ Bf4 82. Rc2 Rd1+ 83. Ke2 Rd2+ 84. Rxd2 Bxd2 1/2-1/2


[Site "https://www.chess.com"]

[Event "Titled Tuesday Blitz April 4 Late 2023"]
[White "Hirneise, Jens"]
[Black "Ashraf, Artin"]
[WhiteFideId "24614734"]
[BlackFideId "22514805"]
[WhiteElo "2345"]
[BlackElo "2188"]
[Result "1-0"]
[Round "02"]
[TimeControl "180+2"]
[Date "2023.04.04"]
[WhiteClock "0:00:05"]
[BlackClock "0:00:04"]

1. Nf3 c5 2. c4 g6 3. d4 cxd4 4. Qxd4 Nf6 5. Nc3 Nc6 6. Qd2 Bg7 7. g3 d6 8. Bg2 Be6 9. b3 Ne4 10. Nxe4 Bxa1 11. O-O O-O 12. Bb2 Bxb2 13. Qxb2 Bf5 14. Nc3 a6 15. Nd5 Be4 16. Rd1 Rc8 17. h4 Bxf3 18. exf3 h5 19. g4 e5 20. g5 Nd4 21. Rxd4 exd4 22. Qxd4 Qa5 23. Nf6+ Kh8 24. Nd7+ f6 25. f4 Qe1+ 26. Kh2 Qe7 27. Nxf6 Qg7 28. Bxb7 Qxb7 29. Nxh5+ Kg8 30. Nf6+ Rxf6 31. Qxf6 Qf7 32. Qxd6 Rf8 33. Kg3 Qf5 34. b4 Qe4 35. c5 Kg7 36. Qd7+ Rf7 37. Qd6 Qe1 38. Qe5+ Qxe5 39. fxe5 Rf5 40. f4 Rf8 41. Kf3 Kf7 42. Ke4 Ke6 43. a4 Rh8 44. b5 axb5 45. axb5 Rxh4 46. b6 Rh1 47. c6 Rc1 48. b7 Rc4+ 49. Kd3 Rb4 50. c7 1-0


[Site "https://www.chess.com"]

[Event "Titled Tuesday Blitz April 4 Late 2023"]
[White "Han, Yichen"]
[Black "Maksimovic, Bojan"]
[WhiteFideId "1054430"]
[BlackFideId "14408120"]
[WhiteElo "2342"]
[BlackElo "2468"]
[Result "0-1"]
[Round "02"]
[TimeControl "180+2"]
[Date "2023.04.04"]
[WhiteClock "0:00:24"]
[BlackClock "0:00:43"]

1. e4 c5 2. Nc3 Nc6 3. Bb5 Nd4 4. Nf3 a6 5. Bd3 g6 6. O-O Bg7 7. Re1 Nh6 8. e5 d6 9. exd6 Qxd6 10. Ne4 Qc7 11. Nxd4 cxd4 12. Bf1 Ng4 13. g3 O-O 14. d3 Nf6 15. Bg2 Nxe4 16. Bxe4 e5 17. Bd2 Be6 18. c3 dxc3 19. Bxc3 Rad8 20. Qe2 Rfe8 21. Rac1 Qd7 22. Ba5 Rc8 23. b3 Bg4 24. Qd2 h5 25. h4 Kh7 26. Qb2 f5 27. Bg2 e4 28. Bc3 Rxc3 29. Rxc3 Rc8 30. Rec1 Rxc3 31. Rxc3 Qd4 32. dxe4 fxe4 33. Rc2 Qxb2 34. Rxb2 Bxb2 35. Bxe4 b6 36. f3 Be6 37. Kg2 Kg7 38. Bd3 a5 39. Be2 Kf6 40. g4 Be5 41. gxh5 gxh5 42. f4 Bxf4 43. Bxh5 Bf5 44. Bd1 Be4+ 45. Kh3 Kf5 46. Bg4+ Ke5 47. Bd1 Bf5+ 48. Kg2 Bb1 49. a4 Be4+ 50. Kh3 Bf5+ 51. Kg2 Bh6 52. Kf3 Be6 53. h5 Kd4 54. Kg3 Kc3 0-1


[Site "https://www.chess.com"]

[Event "Titled Tuesday Blitz April 4 Late 2023"]
[White "Mammadov, Zaur"]
[Black "Suder, Jakub"]
[WhiteFideId "13401033"]
[BlackFideId "1195310"]
[WhiteElo "2441"]
[BlackElo "2287"]
[Result "1-0"]
[Round "02"]
[TimeControl "180+2"]
[Date "2023.04.04"]
[WhiteClock "0:00:34"]
[BlackClock "0:00:01"]

1. e4 c5 2. c3 Nf6 3. e5 Nd5 4. Nf3 e6 5. d4 cxd4 6. cxd4 d6 7. exd6 Bxd6 8. Bd3 Nd7 9. O-O b6 10. Bg5 Be7 11. Bxe7 Qxe7 12. Nc3 Bb7 13. Rc1 O-O 14. Bb1 N7f6 15. Ne5 Rac8 16. Qd2 Nxc3 17. bxc3 b5 18. Rfe1 Qd6 19. Qd3 Qd5 20. Qh3 g6 21. Nd3 Qf5 22. Qg3 Ne4 23. Qe3 Nxc3 24. Nc5 Nxb1 25. Nxb7 Rxc1 26. Qxc1 Qd5 27. Na5 Qxa2 28. Nc6 Na3 29. d5 exd5 30. Qc3 f6 31. Ne7+ Kg7 32. h4 d4 33. Qa5 Qb3 34. Qxa7 Rf7 35. Qb8 Nc4 36. Qg8+ Kh6 37. Qxf7 Nd2 1-0


[Site "https://www.chess.com"]

[Event "Titled Tuesday Blitz April 4 Late 2023"]
[White "Jimenez Almeida, Luis David"]
[Black "Urazayev, Arystanbek"]
[WhiteFideId "22242244"]
[BlackFideId "13709810"]
[WhiteElo "2245"]
[BlackElo "2449"]
[Result "0-1"]
[Round "02"]
[TimeControl "180+2"]
[Date "2023.04.04"]
[WhiteClock "0:01:20"]
[BlackClock "0:02:26"]

1. e4 c6 2. Nc3 d5 3. Qf3 dxe4 4. Nxe4 Nf6 5. Bc4 e6 6. Ne2 Nxe4 7. Qxe4 Nd7 8. d4 Nf6 9. Qf3 Be7 10. O-O O-O 11. Bf4 Nd5 12. Bg3 b5 13. Bd3 Bb7 14. c4 bxc4 15. Bxc4 Qb6 16. Bb3 c5 17. dxc5 Bxc5 18. Qg4 Nf6 19. Qh4 Qc6 20. Qh3 Ne4 21. Rac1 Ng5 0-1


[Site "https://www.chess.com"]

[Event "Titled Tuesday Blitz April 4 Late 2023"]
[White "Timofeev, Artyom"]
[Black "Poltorak, Sebastian"]
[WhiteFideId "4140419"]
[BlackFideId "1199498"]
[WhiteElo "2586"]
[BlackElo "2195"]
[Result "1-0"]
[Round "02"]
[TimeControl "180+2"]
[Date "2023.04.04"]
[WhiteClock "0:00:05"]
[BlackClock "0:00:05"]

1. c4 Nf6 2. Nc3 d5 3. d4 g6 4. Bf4 Bg7 5. e3 O-O 6. Rc1 c6 7. Nf3 Bg4 8. Qb3 Bxf3 9. Qxb7 Bg4 10. h3 Be6 11. Qxa8 Qb6 12. c5 Qxb2 13. Kd1 Ne4 14. Nxe4 dxe4 15. Qxa7 Bxa2 16. Bc4 Bxc4 17. Rxc4 e5 18. Bg3 exd4 19. Qb6 Qa1+ 20. Rc1 Qa4+ 21. Ke1 Nd7 22. Qb1 d3 23. Kf1 d2 24. Rd1 Nxc5 25. Rxd2 Nd3 26. Kg1 c5 27. Kh2 c4 28. Ra2 Qc6 29. Rd1 c3 30. Qb3 h5 31. h4 Rc8 32. Rc2 Qc4 33. Qb7 Nb4 34. Rcc1 Nd3 35. Rc2 Nb4 36. Rcc1 c2 37. Rd7 Nd3 38. Rxf7 Bb2 39. Rxc2 Qxc2 40. Rh7 Qc4 41. Rh6 Qe6 42. Qb5 Rf8 43. Qg5 Kg7 44. Rxh5 Bf6 45. Qh6+ Kf7 46. Qh7+ Bg7 47. Rb5 Rh8 48. Rb7+ 1-0


[Site "https://www.chess.com"]

[Event "Titled Tuesday Blitz April 4 Late 2023"]
[White "Gokerkan, Cem Kaan"]
[Black "Omelja, Artem"]
[WhiteFideId "6336760"]
[BlackFideId "14119846"]
[WhiteElo "2365"]
[BlackElo "2404"]
[Result "1-0"]
[Round "02"]
[TimeControl "180+2"]
[Date "2023.04.04"]
[WhiteClock "0:00:11"]
[BlackClock "0:00:02"]

1. e4 c5 2. c3 d5 3. exd5 Qxd5 4. d4 Nf6 5. Nf3 Bg4 6. Be2 Nc6 7. h3 Bh5 8. O-O e6 9. Be3 cxd4 10. cxd4 Be7 11. Nc3 Qa5 12. Qb3 Qb4 13. g4 Bg6 14. Bb5 O-O 15. Bxc6 bxc6 16. Ne5 Rfc8 17. f4 Qxb3 18. axb3 Bc2 19. Ra6 Bxb3 20. Nxc6 Bf8 21. Rxa7 Nd5 22. Rxa8 Rxa8 23. Bd2 Nxc3 24. Bxc3 Bd5 25. Ne5 Bd6 26. Kf2 f6 27. Nd3 Bc4 28. Ke3 Kf7 29. Rf2 h6 30. Nc5 Bd5 31. Ne4 Be7 32. Rf1 f5 33. Nf2 g5 34. gxf5 exf5 35. Rg1 Re8 36. Nd3 gxf4+ 37. Kxf4 Bg5+ 38. Rxg5 hxg5+ 39. Kxg5 Be4 40. Nc5 Rh8 41. h4 Rg8+ 42. Kf4 Rg4+ 43. Ke5 Rxh4 44. d5 Rh1 45. d6 Rd1 46. d7 Bc6 47. Kxf5 Rd5+ 48. Kf4 Ke7 49. Ne4 Rxd7 50. Ng5 Rd1 51. Ke3 Rg1 52. Kf4 Rf1+ 53. Ke3 Kd6 54. Ne4+ Kc7 55. Nd2 Re1+ 56. Kd4 Kb7 57. Nc4 Rd1+ 58. Kc5 Rd5+ 59. Kb4 Rb5+ 60. Ka3 Ka6 61. Ne5 Bd5 62. Nd3 Rb3+ 63. Ka4 Rb5 64. Nb4+ Kb6 65. Bd4+ Rc5 66. Nd3 Bc6+ 67. Kb4 Kb7 68. Nxc5+ Ka8 69. Ne6 Bh1 70. Nf4 Kb7 71. Kc5 Ka8 72. b4 Kb7 73. Nd5 Ka8 74. Nc3 Kb7 75. Nb5 Ka8 76. Nd6 Ka7 77. b5 Kb8 78. Nc4 Ka8 79. Ne5 Kb7 80. Nc4 Ka8 81. Kb6 Kb8 82. Na5 Ka8 83. Kc7 Bg2 84. b6 Bh1 85. Nc6 Bxc6 86. Kxc6 Kb8 87. Be5+ 1-0


[Site "https://www.chess.com"]

[Event "Titled Tuesday Blitz April 4 Late 2023"]
[White "Mortazavi, Ali"]
[Black "Pichot, Alan"]
[WhiteFideId "401323"]
[BlackFideId "110973"]
[WhiteElo "2339"]
[BlackElo "2573"]
[Result "0-1"]
[Round "02"]
[TimeControl "180+2"]
[Date "2023.04.04"]
[WhiteClock "0:00:06"]
[BlackClock "0:01:00"]

1. Nf3 c5 2. e3 Nf6 3. d4 e6 4. Bd3 b6 5. O-O Bb7 6. b3 Be7 7. Bb2 O-O 8. Nbd2 cxd4 9. exd4 d5 10. Ne5 Nbd7 11. Qf3 Nxe5 12. dxe5 Nd7 13. Qh3 g6 14. Be2 Qc7 15. Rac1 Nxe5 16. c4 d4 17. Bxd4 Rad8 18. Bc3 f5 19. Nf3 Bf6 20. Nxe5 Bxe5 21. Bxe5 Qxe5 22. Bf3 Rd3 23. Rfe1 Qd6 24. Qg3 Bxf3 25. gxf3 Rc8 26. Re5 Rxf3 27. Qxf3 Qxe5 28. Rd1 Rc7 29. Qa8+ Kg7 30. Rd8 Qf6 31. Rg8+ Kh6 32. Qf3 Qg5+ 33. Kf1 Qg4 34. Qe3+ f4 35. Qe5 Rd7 36. Qe1 Rd1 0-1


[Site "https://www.chess.com"]

[Event "Titled Tuesday Blitz April 4 Late 2023"]
[White "Zhang, Derek"]
[Black "Szpar, Milosz"]
[WhiteFideId "2087871"]
[BlackFideId "1184989"]
[WhiteElo "2087"]
[BlackElo "2436"]
[Result "1/2-1/2"]
[Round "02"]
[TimeControl "180+2"]
[Date "2023.04.04"]
[WhiteClock "0:00:04"]
[BlackClock "0:00:10"]

1. Nf3 d5 2. c4 d4 3. b4 c5 4. e3 Nf6 5. Bb2 Bg4 6. exd4 cxd4 7. Qa4+ Bd7 8. b5 Na6 9. Bxd4 Nc7 10. Qb3 Ne6 11. Be3 g6 12. d4 Rc8 13. Be2 Bg7 14. Nc3 O-O 15. O-O Ng4 16. Bd3 Be8 17. Ne2 Nxe3 18. fxe3 b6 19. a4 Bh6 20. Be4 Qc7 21. Rac1 Kh8 22. Rc3 f5 23. Bd5 Ng5 24. Nxg5 Bxg5 25. Nf4 Bd7 26. Kh1 e5 27. Ne6 Bxe6 28. Bxe6 Rce8 29. Bd5 exd4 30. exd4 Re7 31. c5 Rfe8 32. Qd1 bxc5 33. dxc5 Qe5 34. Rd3 Be3 35. c6 Bb6 36. Bf3 Bc7 37. g3 h5 38. Rd7 h4 39. Qd4 Qxd4 40. Rxd4 hxg3 41. hxg3 Bxg3 42. Rd7 g5 43. Kg2 Be5 44. Bd5 Bf4 45. Rf2 Kg7 46. Rc2 Kf6 47. a5 Rh8 48. Rxe7 Kxe7 49. Rc4 Kd6 50. Bf3 Kc7 51. Rd4 Rh7 52. Rd5 g4 53. Be2 Rf7 54. Bd3 Bd2 55. a6 Bf4 56. Bxf5 Bd6 57. Bxg4 Rg7 58. Kf3 Rf7+ 59. Bf5 Rf8 60. Kg4 Rg8+ 61. Kh5 Rb8 62. Kg6 Rg8+ 63. Kf6 Rf8+ 64. Kg5 Rg8+ 65. Bg6 Rb8 66. Rf5 Be7+ 67. Kg4 Rg8 68. Kh5 Rh8+ 69. Kg4 Rg8 70. Rf7 Rxg6+ 71. Kf5 Rg5+ 72. Ke6 Rxb5 73. Rxe7+ Kxc6 74. Rxa7 Kb6 75. Rb7+ Kxa6 76. Rxb5 Kxb5 1/2-1/2


[Site "https://www.chess.com"]

[Event "Titled Tuesday Blitz April 4 Late 2023"]
[White "Holt, Conrad"]
[Black "Defend1r"]
[WhiteFideId "2034387"]
[WhiteElo "2592"]
[BlackElo "2539"]
[Result "1-0"]
[Round "02"]
[TimeControl "180+2"]
[Date "2023.04.04"]
[WhiteClock "0:00:09"]
[BlackClock "0:00:02"]

1. d4 Nf6 2. c4 e6 3. Nc3 Bb4 4. Qc2 d6 5. Nf3 O-O 6. e3 c5 7. Bd3 Nc6 8. O-O Bxc3 9. Qxc3 e5 10. dxe5 dxe5 11. Bc2 Qe7 12. b3 Bg4 13. Bb2 Bxf3 14. gxf3 Qe6 15. Kg2 h5 16. Rg1 h4 17. Rad1 Rad8 18. a3 Rxd1 19. Bxd1 Qf5 20. Qc2 Qh5 21. f4 h3+ 22. Kh1 Qh4 23. Qf5 Rd8 24. Bxe5 Nxe5 25. Qxe5 Qxf2 26. Qg5 g6 27. Qg3 Qxg3 28. hxg3 Rd2 29. Bf3 Rf2 30. Bd5 Ng4 31. Re1 Rh2+ 32. Kg1 Rb2 33. Bf3 h2+ 34. Kh1 Nf2+ 35. Kxh2 Nd3+ 36. Re2 Rxb3 37. a4 Rc3 38. Bxb7 Rxc4 39. Ba6 Rc3 40. Bxd3 Rxd3 41. Kg2 Ra3 42. Rc2 Rxa4 43. Rxc5 Ra2+ 44. Kf3 Kg7 45. g4 a5 46. g5 a4 47. Ra5 a3 48. Ke4 Ra1 49. Ke5 a2 50. e4 Kf8 51. Kf6 Ke8 52. Ra8+ Kd7 53. Kxf7 Kd6 54. Kxg6 Kc5 55. f5 Kd4 56. f6 Kxe4 57. f7 Ke5 58. f8=Q 1-0


[Site "https://www.chess.com"]

[Event "Titled Tuesday Blitz April 4 Late 2023"]
[White "Petrovic, Aleksa"]
[Black "Pakleza, Zbigniew"]
[WhiteFideId "967629"]
[BlackFideId "1119290"]
[WhiteElo "2309"]
[BlackElo "2410"]
[Result "0-1"]
[Round "02"]
[TimeControl "180+2"]
[Date "2023.04.04"]
[WhiteClock "0:00:05"]
[BlackClock "0:00:05"]

1. d4 d6 2. Nf3 Bg4 3. e4 Nf6 4. Nc3 e6 5. h3 Bh5 6. g4 Bg6 7. Qe2 c6 8. h4 h5 9. g5 Nfd7 10. Bh3 Be7 11. d5 cxd5 12. exd5 e5 13. Be3 Na6 14. O-O-O O-O 15. Nd2 Nac5 16. Nf1 b5 17. Nxb5 Qa5 18. Nc3 Rab8 19. Nd2 Rfc8 20. f4 exf4 21. Bxc5 Rxc5 22. Nb3 Qd8 23. Bxd7 Rxc3 24. bxc3 Qxd7 25. Rhe1 Bf8 26. Nd4 Qa4 27. Nc6 Qa3+ 28. Kd2 Qxa2 29. Nd4 Qxd5 30. Rb1 Rc8 31. Qf3 Qxf3 32. Nxf3 d5 33. Rb7 a5 34. Ra1 Ra8 35. Nd4 a4 36. Nc6 Be4 37. Rb8 Rxb8 38. Nxb8 a3 39. Nd7 Bd6 40. Nb6 f3 41. c4 Bf4+ 42. Ke1 Bg3+ 43. Kf1 dxc4 44. Nxc4 Bxc2 45. Rxa3 Bxh4 46. Rxf3 Bxg5 47. Rg3 Bf6 48. Ne3 Bg6 49. Kg2 h4 50. Rg4 Bh5 51. Ra4 g5 52. Nf5 Kh7 53. Nd6 Kg6 54. Ne4 Be5 55. Ra6+ f6 56. Nf2 Be2 57. Ra4 Bb5 58. Rb4 Bc6+ 59. Kh3 Bd7+ 60. Kg2 Bg3 61. Ne4 Bc6 62. Kh3 Be5 63. Nf2 Bd5 64. Ng4 Be6 65. Kg2 Bf4 66. Nf2 f5 67. Nd3 Be3 68. Ra4 Bd5+ 69. Kh2 Be4 70. Ra6+ Kh5 71. Ne1 Bf4+ 72. Kg1 h3 73. Ra3 h2+ 0-1


[Site "https://www.chess.com"]

[Event "Titled Tuesday Blitz April 4 Late 2023"]
[White "Costachi, Mihnea"]
[Black "Koutlas, Nikolaos"]
[WhiteFideId "1217518"]
[BlackFideId "25827138"]
[WhiteElo "2456"]
[BlackElo "2215"]
[Result "1-0"]
[Round "02"]
[TimeControl "180+2"]
[Date "2023.04.04"]
[WhiteClock "0:01:04"]
[BlackClock "0:00:01"]

1. Nc3 g6 2. d4 d5 3. Bf4 Bg7 4. Qd2 Nc6 5. Nf3 Bg4 6. e3 a6 7. Be2 Nf6 8. h3 Bf5 9. Ne5 Nxe5 10. Bxe5 O-O 11. O-O Rc8 12. Bf3 b5 13. Bxf6 Bxf6 14. Nxd5 Bg7 15. c3 c5 16. Nf4 e5 17. Ne2 cxd4 18. exd4 Qh4 19. dxe5 Bxe5 20. Rad1 Rfe8 21. Rfe1 b4 22. Nd4 bxc3 23. bxc3 Bf4 24. Nxf5 gxf5 25. Rxe8+ Rxe8 26. Qd7 Re5 27. Qc8+ Kg7 28. Qxa6 Qg5 29. Qd3 Re6 30. c4 Be5 31. Bd5 Rh6 32. Qf3 Rg6 33. c5 Qe7 34. Qxf5 Bc7 35. Bf3 Rf6 36. Qg4+ Rg6 37. Qd4+ Kg8 38. a4 Rg5 39. c6 h6 40. Qc3 Kh7 41. Rd7 1-0


[Site "https://www.chess.com"]

[Event "Titled Tuesday Blitz April 4 Late 2023"]
[White "Eden, James"]
[Black "Mahdavi, Reza"]
[WhiteFideId "666491"]
[BlackFideId "12595926"]
[WhiteElo "2278"]
[BlackElo "2357"]
[Result "0-1"]
[Round "02"]
[TimeControl "180+2"]
[Date "2023.04.04"]
[WhiteClock "0:00:02"]
[BlackClock "0:01:17"]

1. e4 c5 2. Nf3 e6 3. d4 cxd4 4. Nxd4 Nc6 5. Nc3 Qc7 6. Be2 a6 7. O-O Nf6 8. Be3 Be7 9. f4 d6 10. Kh1 O-O 11. a4 Nxd4 12. Bxd4 e5 13. Be3 Be6 14. Nd5 Bxd5 15. exd5 exf4 16. Bxf4 Nd7 17. Bd3 g6 18. Bh6 Rfe8 19. Qf3 Ne5 20. Qh3 Bf8 21. Bxf8 Rxf8 22. Rf6 Nd7 23. Rf4 f5 24. g4 fxg4 25. Rxg4 Ne5 26. Rg2 Rf6 27. Rag1 Raf8 28. Qe3 Rf3 29. Qh6 Qg7 30. Qd2 Nxd3 31. cxd3 Qd4 32. Qh6 R8f6 33. Re2 Rf8 34. Re7 R3f7 35. Rxf7 Qxd5+ 36. Rg2 Rxf7 37. Qc1 Qxd3 38. Qc8+ Kg7 39. h4 Qf1+ 40. Kh2 Qf4+ 41. Kg1 Qd4+ 42. Kh2 Qxh4+ 43. Kg1 Qd4+ 44. Kh2 h5 45. Qe6 Qe5+ 46. Qxe5+ dxe5 47. b4 Rf4 48. Rb2 Kf6 49. a5 Kf5 50. b5 Ra4 51. bxa6 bxa6 0-1


[Site "https://www.chess.com"]

[Event "Titled Tuesday Blitz April 4 Late 2023"]
[White "Makridis, Dimitrios"]
[Black "Bellahcene, Bilel"]
[WhiteFideId "25864475"]
[BlackFideId "696358"]
[WhiteElo "2277"]
[BlackElo "2566"]
[Result "0-1"]
[Round "02"]
[TimeControl "180+2"]
[Date "2023.04.04"]
[WhiteClock "0:00:08"]
[BlackClock "0:00:06"]

1. e4 c5 2. Nf3 e6 3. d3 Nc6 4. g3 d5 5. Qe2 Nf6 6. Bg2 Be7 7. O-O O-O 8. e5 Nd7 9. c4 a6 10. Re1 Kh8 11. h4 b5 12. cxd5 exd5 13. Bf4 Nb6 14. h5 h6 15. Nc3 Bg4 16. Qd2 Kg8 17. Bxh6 gxh6 18. Qxh6 Bxf3 19. Bxf3 Nd4 20. Qf4 Bg5 21. Qg4 Nxf3+ 22. Qxf3 Qd7 23. Kg2 Qe6 24. Rad1 b4 25. Ne2 Kh8 26. d4 c4 27. h6 Rg8 28. Rh1 Rg6 29. Rh5 Rag8 30. Rdh1 Nd7 31. h7 R8g7 32. Nf4 Bxf4 33. Qxf4 Nf8 34. Rf5 Qe7 35. Rhh5 Ne6 36. Qe3 Qc7 37. Rf6 c3 38. Rxg6 fxg6 39. Rh1 cxb2 40. Qe2 Qc4 41. Qg4 Qd3 42. Qxe6 Qe4+ 43. Kh2 Rxh7+ 44. Kg1 b1=Q# 0-1


[Site "https://www.chess.com"]

[Event "Titled Tuesday Blitz April 4 Late 2023"]
[White "Meunier-Pion, Jean"]
[Black "Leitao, Rafael"]
[WhiteFideId "20685327"]
[BlackFideId "2101246"]
[WhiteElo "2124"]
[BlackElo "2609"]
[Result "1/2-1/2"]
[Round "02"]
[TimeControl "180+2"]
[Date "2023.04.04"]
[WhiteClock "0:00:57"]
[BlackClock "0:00:51"]

1. e4 e5 2. Nf3 Nc6 3. Bb5 a6 4. Ba4 d6 5. d3 Bd7 6. c3 Nge7 7. O-O Ng6 8. h3 Be7 9. Be3 O-O 10. Nbd2 Kh8 11. d4 b5 12. Bc2 exd4 13. cxd4 f5 14. exf5 Bxf5 15. Bxf5 Rxf5 16. Qc2 Qd7 17. Rfc1 Nb4 18. Qxc7 Qe8 19. a3 Nd5 20. Qb7 Rb8 21. Qxa6 Ngf4 22. Bxf4 Nxf4 23. Re1 Qg6 24. g3 Nxh3+ 25. Kf1 Rbf8 26. Rxe7 Rxf3 27. Nxf3 Qd3+ 28. Kg2 Qxf3+ 29. Kxh3 Qh5+ 30. Kg2 Qf3+ 31. Kh3 Qh5+ 32. Kg2 Qf3+ 33. Kh3 1/2-1/2


[Site "https://www.chess.com"]

[Event "Titled Tuesday Blitz April 4 Late 2023"]
[White "WindWhistler11"]
[Black "Bilych, Olexiy"]
[BlackFideId "14156504"]
[WhiteElo "2463"]
[BlackElo "2320"]
[Result "0-1"]
[Round "02"]
[TimeControl "180+2"]
[Date "2023.04.04"]
[WhiteClock "0:00:16"]
[BlackClock "0:01:13"]

1. Nf3 g6 2. g3 Bg7 3. Bg2 e5 4. d3 d5 5. O-O Nc6 6. c4 Nge7 7. cxd5 Nxd5 8. a3 a5 9. Qc2 O-O 10. Nc3 Nde7 11. Bd2 Nd4 12. Nxd4 exd4 13. Na4 c6 14. Qc5 Bg4 15. Nb6 Ra6 16. Bxa5 Nc8 17. Nc4 b6 18. Qxc6 Na7 19. Qe4 Bf5 20. Qb7 Bc8 21. Bxb6 Bxb7 22. Bxd8 Bxg2 23. Kxg2 Rxd8 24. b4 Nb5 25. a4 Nc3 26. a5 Rb8 27. Rfb1 Nxb1 28. Rxb1 Rb5 29. Na3 Rb8 30. Nc4 Bf8 31. b5 Raa8 32. a6 Rxa6 0-1


[Site "https://www.chess.com"]

[Event "Titled Tuesday Blitz April 4 Late 2023"]
[White "Papasimakopoulos, Alexandros"]
[Black "Tworuszka, Michal"]
[WhiteFideId "4244125"]
[BlackFideId "1117858"]
[WhiteElo "2359"]
[BlackElo "2463"]
[Result "1-0"]
[Round "02"]
[TimeControl "180+2"]
[Date "2023.04.04"]
[WhiteClock "0:01:15"]
[BlackClock "0:00:17"]

1. d4 Nf6 2. c4 e6 3. Nc3 Bb4 4. Qc2 d5 5. cxd5 exd5 6. Bg5 h6 7. Bh4 c5 8. dxc5 Be6 9. e3 Nbd7 10. a3 Bxc5 11. Nf3 Rc8 12. Bd3 O-O 13. O-O Be7 14. Nd4 Nc5 15. Bf5 Bxf5 16. Qxf5 Nce4 17. Nxe4 Nxe4 18. Bxe7 Qxe7 19. Qxd5 Rc5 20. Qa2 Rh5 21. Rad1 Qc7 22. h3 Ng5 23. f4 Ne4 24. Qb1 Qe7 25. Nf3 Re8 26. Ne5 f5 27. Qa2+ Kh7 28. Rd7 Qc5 29. Rxg7+ Kxg7 30. Qf7+ Kh8 31. Ng6# 1-0


[Site "https://www.chess.com"]

[Event "Titled Tuesday Blitz April 4 Late 2023"]
[White "Dzida, Kamil"]
[Black "Yanchenko, Roman"]
[WhiteFideId "21828652"]
[BlackFideId "4137329"]
[WhiteElo "2139"]
[BlackElo "2491"]
[Result "0-1"]
[Round "02"]
[TimeControl "180+2"]
[Date "2023.04.04"]
[WhiteClock "0:00:17"]
[BlackClock "0:00:38"]

1. e4 e6 2. d4 d5 3. Nc3 Bb4 4. e5 Ne7 5. a3 Bxc3+ 6. bxc3 b6 7. a4 Ba6 8. Bxa6 Nxa6 9. Qg4 O-O 10. h4 Kh8 11. h5 h6 12. Rh3 c5 13. Ba3 Rc8 14. Ne2 Nb8 15. a5 Nbc6 16. axb6 axb6 17. Bc1 Qc7 18. Kf1 Ra8 19. Rxa8 Rxa8 20. Qh4 cxd4 21. cxd4 Nf5 22. Qf4 Ncxd4 23. Nxd4 Ra4 24. Bb2 Nxd4 25. Bxd4 Qxc2 26. Re3 Qc4+ 27. Kg1 Qxd4 28. Qxf7 Qd1+ 29. Kh2 Rh4+ 30. Rh3 Rxh3+ 31. Kxh3 Qd3+ 32. Kg4 Qe4+ 33. Kg3 Qxe5+ 34. f4 Qf5 35. Qe8+ Kh7 36. Kf3 b5 37. g4 Qe4+ 38. Kg3 b4 39. g5 hxg5 40. fxg5 Qe5+ 41. Kh4 Qf4+ 42. Kh3 Qxg5 43. Qxe6 Qxh5+ 44. Kg3 Qg6+ 0-1


[Site "https://www.chess.com"]